 Dungeon Crawl Stone Soup version 0.28.0-45-g0d030f2227 (webtiles) character file.

Game seed: 9479221293481798160

2226 CryoSword the Covert (level 9, -46/44 HPs)
             Began as a Vine Stalker Enchanter on Apr 18, 2022.
             Was a Follower of Dithmenos.
             Annihilated by a boulder beetle (56 damage)
             ... on level 7 of the Dungeon.
             The game lasted 00:13:08 (6183 turns).

CryoSword the Covert (Vine Stalker Enchanter)       Turns: 6183, Time: 00:13:08

Health: -46/44     AC:  5    Str: 12    XL:     9   Next: 36%
Magic:  0/16       EV: 12    Int: 17    God:    Dithmenos [*.....]
Gold:   220        SH:  0    Dex: 16    Spells: 5/16 levels left

rFire   . . .      SeeInvis .   f - +0 dagger (freeze)
rCold   . . .      Faith    .   (no shield)
rNeg    + . .      Spirit   +   b - +0 robe
rPois   .          Reflect  .   i - +2 helmet
rElec   .          Harm     .   (no cloak)
rCorr   .          Rampage  .   (no gloves)
Will    +....                   (no boots)
Stlth   ++++......              m - amulet of regeneration
HPRegen 1.74/turn               v - ring of wizardry
MPRegen 0.15/turn               E - ring of positive energy

@: wreathed by umbra
A: fangs 3, regeneration 1, magic shield, antimagic bite, no potion heal 2
a: Renounce Religion


You were on level 7 of the Dungeon.
You worshipped Dithmenos.
Dithmenos was aware of your devotion.
You visited 2 branches of the dungeon, and saw 8 of its levels.

You collected 220 gold pieces.

Inventory:

Hand Weapons
 f - a +0 dagger of freezing (weapon)
   (You took it off a goblin on level 1 of the Dungeon)
 B - a +0 dagger of speed
   (You found it on level 5 of the Dungeon)
Missiles
 z - 8 poisoned darts (quivered)
 G - 3 curare-tipped darts
Armour
 b - a +0 robe (worn)
 i - a +2 helmet (worn)
   (You took it off Robin on level 2 of the Dungeon)
Jewellery
 m - an amulet of regeneration (around neck)
   (You found it on level 3 of the Dungeon)
 v - a ring of wizardry (left hand)
   (You found it on level 4 of the Dungeon)
 x - a ring of fire
   (You found it on level 5 of the Dungeon)
 E - a ring of positive energy (right hand)
   (You found it on level 6 of the Dungeon)
 H - a +6 ring of dexterity
   (You found it on level 6 of the Dungeon)
Wands
 o - a wand of iceblast (7)
   (You took it off Ijyb on level 3 of the Dungeon)
 C - a wand of digging (5)
   (You found it on level 6 of the Dungeon)
Scrolls
 k - a scroll of brand weapon {unknown}
 n - a scroll of immolation {unknown}
 p - 2 scrolls of fear {unknown}
 q - 4 scrolls of teleportation {unknown}
 t - 2 scrolls of holy word {unknown}
 u - 2 scrolls of magic mapping {unknown}
 w - 2 scrolls of amnesia {unknown}
 y - a scroll of identify {unknown}
 A - 4 scrolls of vulnerability {unknown}
 F - a scroll of fog {unknown}
Potions
 a - a potion of mutation {unknown}
 c - a potion of invisibility
 d - a potion of brilliance {unknown}
 e - a potion of curing {unknown}
 g - a potion of might {unknown}
 h - 2 potions of flight {unknown}
 j - a potion of degeneration {unknown}
 l - a potion of resistance {unknown}
 r - 2 potions of attraction {unknown}
 s - a potion of lignification {unknown}
 D - a potion of haste {unknown}


   Skills:
 + Level 3.4 Fighting
 * Level 5.0 Short Blades
 + Level 2.0 Dodging
 * Level 8.1 Stealth
 + Level 4.4 Spellcasting
 + Level 0.5 Conjurations
 * Level 6.3 Hexes
 + Level 4.1 Ice Magic


You had 5 spell levels left.
You knew the following spells:

 Your Spells              Type           Power      Damage    Failure   Level
a - Ensorcelled Hibernat  Hex/Ice        42%        N/A       1%          2
b - Confusing Touch       Hex            25%        N/A       1%          3
c - Tukima's Dance        Hex            25%        N/A       1%          3
d - Dazzling Flash        Conj/Hex       30%        N/A       4%          3

Your spell library contained the following spells:

 Spells                   Type           Power      Damage    Failure   Level
 Frozen Ramparts          Ice            34%        1d5       3%          3
 Ice Form                 Ice/Tmut       10%        N/A       26%         4
 Summon Ice Beast         Ice/Summ       10%        N/A       26%         4
 Airstrike                Air            1%         N/A       50%         4
 Summon Lightning Spire   Summ/Air       3%         N/A       50%         4
 Lightning Bolt           Conj/Air       2%         1d13      80%         5


Dungeon Overview and Level Annotations

Branches:
Dungeon (7/15)             Temple (1/1) D:5

Altars:
Ashenzari
Cheibriados
Dithmenos
Elyvilon
Fedhas
Gozag
Hepliaklqana
Kikubaaqudgha
Makhleb
Nemelex Xobeh
Okawaru
Qazlal
Ru
Sif Muna
Trog
Uskayaw
Vehumet
Wu Jian
Xom
Yredelemnul
Zin
The Shining One

Shops:
D:3 [=:

Portals:
Abyss: D:5

Annotations:
D:5 2 transporters, Elsvaer's ghost, novice DEEE


Innate Abilities, Weirdness & Mutations

You have razor-sharp teeth.
Your natural rate of healing is unusually fast.
When hurt, damage is shared between your health and your magic reserves.
Your bite disrupts and absorbs the magic of your enemies.
Potions cannot restore your health.


Message History

There is an open door here.
A puff of flame appears from out of thin air!
The puff of flame hits you!
Your hands begin to glow red.
The jelly barely misses you.
You hit the jelly but do no damage.
The jelly appears confused.
Your hands burn!
The jelly misses you.
You hit the jelly but do no damage.
Your hands burn!
The jelly hits you but does no damage.
You hit the jelly. You freeze the jelly. The acid corrodes you!
Your hands burn!
The jelly hits itself.
You hit the jelly. You freeze the jelly.
Your hands burn!
You bite the jelly. You drain its power.
You feel invigorated.
You hit the jelly. You freeze the jelly.
Your hands burn!
The jelly hits you.
You are splashed with acid!
You hit the jelly. You freeze the jelly.
You kill the jelly!
Dithmenos accepts your kill. The bullfrog zombie hits you. x2
Your hands begin to glow red.
The orc hits you with a +0 flail. The bullfrog zombie closely misses you.
You hit the bullfrog zombie but do no damage.
The bullfrog zombie appears confused.
The bullfrog zombie hits you.
* * * LOW HITPOINT WARNING * * *
The orc hits you with a +0 flail!
* * * LOW HITPOINT WARNING * * *
You hit the bullfrog zombie but do no damage.
You bite the bullfrog zombie. You drain its power.
You feel invigorated. The bullfrog zombie hits you.
* * * LOW HITPOINT WARNING * * *
The orc hits you with a +0 flail.
* * * LOW HITPOINT WARNING * * *
You barely miss the bullfrog zombie.
You strike the helpless bullfrog zombie from behind!
You impale the bullfrog zombie!! You freeze the bullfrog zombie.
The orc hits you with a +0 flail.
* * * LOW HITPOINT WARNING * * *
The bullfrog zombie hits you.
* * * LOW HITPOINT WARNING * * *
You hit the bullfrog zombie but do no damage.
You bite the bullfrog zombie. You drain its power.
You feel invigorated. The orc hits you with a +0 flail.
* * * LOW HITPOINT WARNING * * *
The bullfrog zombie hits you.
You hit the bullfrog zombie. The orc completely misses you.
The bullfrog zombie misses you.
You catch the helpless bullfrog zombie completely off-guard!
You impale the bullfrog zombie!!
You destroy the bullfrog zombie!
Dithmenos accepts your kill.
You are no longer corroded.
There is a stone staircase leading up here.
You can't go up here!
You hit the orc. You freeze the orc. You bite the orc.
You kill the orc!
Dithmenos accepts your kill.
You are shrouded in an aura of darkness!
There is a stone staircase leading up here.
Things that are here:
a +0 flail; an orc corpse You hear some strange, mumbled words.
Something tries to affect you, but you resist.
You climb upwards.
Level annotation: 2 transporters, Elsvaer's ghost, novice DEEE Reactivating autopickup.
There is a stone staircase leading down here.
Deactivating autopickup; reactivate with Ctrl-A.
You barely miss something. Your bite misses something. Something hits you.
You hit something. You freeze something. Something hits you.
You miss something.
An orc wizard appears from thin air!
Reactivating autopickup.
You hit the orc wizard but do no damage.
You bite the orc wizard.
The orc wizard's magic leaks into the air.
You drain its magic.
You feel invigorated. The orc wizard closely misses you.
Aim: an orc wizard, wielding a +0 dagger and wearing a +0 robe (moderately wounded, magic disrupted, umbra, chance to affect: 53%)
The orc wizard looks drowsy...
The orc wizard's magic is no longer disrupted.
The helpless orc wizard fails to defend itself.
You spit the orc wizard like a pig!!! You freeze the orc wizard.
You kill the orc wizard!
Dithmenos accepts your kill.
There is an open door, spattered with blood here.
There is a stone staircase leading down here.
You climb downwards.
There is a stone staircase leading up here.
Could not explore, unopened door.
No target in view!
Could not explore, unopened door.
You open the door.
There is an open door here.
t - 2 scrolls labelled FEL VAEPSIEKUM (gained 1)
There is an open door here.
An orc is nearby!
An orc is nearby!
An orc is nearby!
The orc barely misses you.
You hit the orc but do no damage. Your bite misses the orc.
The orc hits you but does no damage.
You hit the orc but do no damage. The orc barely misses you.
Aim: an orc, wielding a +0 dagger and wearing a +0 leather armour (umbra, chance to affect: 71%)
The orc looks drowsy...
The helpless orc fails to defend itself.
You perforate the orc like a sieve!!! You freeze the orc.
You kill the orc!
Dithmenos accepts your kill.
Things that are here:
a +0 dagger; a +0 leather armour; an orc corpse Done exploring.
Done exploring.
Done exploring.
Done exploring.
No target in view!
There is a stone staircase leading down here.
You climb downwards.
Found a smoky cyan potion.
There is a stone staircase leading up here.
A boulder beetle comes into view.
You see here a smoky cyan potion.
A boulder beetle is nearby!
A boulder beetle is nearby!
Found 11 gold pieces.
The helpless boulder beetle fails to defend itself.
You perforate the boulder beetle like a sieve!!!
You freeze the boulder beetle!!
Aim: a boulder beetle (almost dead, umbra, chance to affect: 36%)
The boulder beetle easily resists.
The boulder beetle barely misses you.
You hit the boulder beetle but do no damage.
The boulder beetle leaps!
Aim: a boulder beetle (almost dead, chance to affect: 36%)
The boulder beetle easily resists.
The boulder beetle curls into a ball and begins rolling!
The boulder beetle hits you!!!
Ouch! That really hurt!
* * * LOW HITPOINT WARNING * * *
The boulder beetle stops rolling and uncurls.
Aim: a boulder beetle (severely wounded, umbra, chance to affect: 36%)
The boulder beetle easily resists.
The boulder beetle bites you!
* * * LOW HITPOINT WARNING * * *
You are too injured to fight recklessly!
You hit the boulder beetle but do no damage.
You bite the boulder beetle, but do no damage.
The boulder beetle barely misses you.
You don't have enough magic to cast this spell.
The boulder beetle bites you!
* * * LOW HITPOINT WARNING * * *
The boulder beetle curls into a ball and begins rolling!
There is a stone staircase leading up here.
The boulder beetle hits you!!!
Ouch! That really hurt!
You die...

........#.........
......$.#.........
........#.........
........#.........
........#.........
......#.......
#...##...#
.####...##@..#####
.......°○B!.......
..................
..................
###############...
#+


You could see a boulder beetle (rolling).

Vanquished Creatures
  Pikel (D:4)
  Sigmund (D:3)
  A water moccasin (D:5)
  Duvessa (D:4)
  A sky beast (D:6)
  An ogre (D:5)
  A necrophage (D:6)
  4 lemures (D:4)
  Blork the orc (D:6)
  A bullfrog (D:6)
  A gnoll sergeant (D:5)
  3 scorpions
  A water moccasin skeleton (D:4)
  Dowan (D:4)
  2 howler monkeys
  2 bullfrog zombies (D:6)
  A jelly (D:6)
  A bullfrog skeleton (D:6)
  2 centaur skeletons
  Ijyb (D:3)
  5 orc wizards
  A scorpion zombie (D:5)
  2 iguanas (D:6)
  Robin (D:2)
  5 adders
  4 gnolls (D:5)
  An ufetubus (D:3)
  2 worms (D:2)
  A dart slug (D:5)
  11 orcs
  6 ball pythons
  13 endoplasms
  5 giant cockroaches
  13 goblins
  7 hobgoblins
  14 jackals
  3 quokkas
  5 bats (D:1)
  3 frilled lizards
  4 kobolds
  3 rats
137 creatures vanquished.

Vanquished Creatures (others)
  4 toadstools (D:1)
4 creatures vanquished.

Grand Total: 141 creatures vanquished

Notes
Turn   | Place    | Note
-------+----------+-------------------------------------------
     0 | D:1      | CryoSword the Vine Stalker Enchanter began the quest for
                  | the Orb.
     0 | D:1      | Reached XP level 1. HP: 9/9 MP: 4/4
   139 | D:1      | Reached skill level 1 in Short Blades
   351 | D:1      | Reached XP level 2. HP: 7/13 MP: 1/6
   868 | D:1      | Reached skill level 4 in Stealth
   902 | D:1      | Reached XP level 3. HP: 17/17 MP: 7/7
   917 | D:1      | Learned a level 2 spell: Ensorcelled Hibernation
   921 | D:1      | Learned a level 3 spell: Confusing Touch
  1518 | D:2      | Found a snail-covered altar of Cheibriados.
  1558 | D:2      | Noticed Robin
  1565 | D:2      | Killed Robin
  1572 | D:2      | Gained mutation: Your natural rate of healing is unusually
                  | fast. [Vine Stalker growth]
  1572 | D:2      | Reached XP level 4. HP: 2/21 MP: 0/8
  1759 | D:2      | Reached skill level 1 in Ice Magic
  1930 | D:1      | Reached skill level 1 in Fighting
  2839 | D:2      | Reached XP level 5. HP: 16/25 MP: 1/9
  3003 | D:3      | Found Weaxki's Antique Armour Shoppe.
  3025 | D:3      | Found Wig Luar's Jewellery Boutique.
  3111 | D:3      | Found Jiodiem's Book Boutique.
  3112 | D:3      | Noticed Sigmund
  3263 | D:3      | Killed Sigmund
  3264 | D:3      | Reached skill level 5 in Stealth
  3264 | D:3      | Reached XP level 6. HP: 30/30 MP: 8/11
  3368 | D:3      | Noticed Ijyb
  3378 | D:3      | Killed Ijyb
  3592 | D:4      | Noticed Pikel
  3635 | D:4      | Found a radiant altar of Vehumet.
  3636 | D:4      | Found a white marble altar of Elyvilon.
  3638 | D:4      | Found an ancient bone altar of Kikubaaqudgha.
  3719 | D:4      | HP: 1/30 [Pikel/+2 whip of flaming (2)]
  4074 | D:4      | Noticed Duvessa
  4074 | D:4      | Noticed Dowan
  4104 | D:4      | Killed Duvessa
  4105 | D:4      | Reached XP level 7. HP: 31/34 MP: 7/12
  4115 | D:4      | Killed Dowan
  4327 | D:4      | Found a hazy altar of Hepliaklqana.
  4328 | D:4      | Found a shimmering blue altar of Sif Muna.
  4328 | D:4      | Found an opulent altar of Gozag.
  4329 | D:4      | Found a sacrificial altar of Ru.
  4329 | D:4      | Found a blossoming altar of Fedhas.
  4330 | D:4      | Found a glowing golden altar of the Shining One.
  4331 | D:4      | Found a burning altar of Makhleb.
  4331 | D:4      | Found a shimmering altar of Xom.
  4376 | D:4      | Killed Pikel
  4377 | D:4      | Reached skill level 6 in Stealth
  4377 | D:4      | Reached skill level 5 in Hexes
  4377 | D:4      | Gained mutation: You have razor-sharp teeth. [Vine Stalker
                  | growth]
  4377 | D:4      | Reached XP level 8. HP: 39/39 MP: 12/14
  4523 | D:5      | Entered Level 5 of the Dungeon
  4527 | D:5      | Found a transporter.
  4530 | D:5      | Found a one-way gate to the infinite horrors of the Abyss.
  4721 | D:5      | Found a transporter.
  4858 | D:5      | Found a staircase to the Ecumenical Temple.
  4867 | Temple   | Entered the Ecumenical Temple
  4872 | Temple   | Became a worshipper of Dithmenos the Shadowed
  5043 | D:5      | Reached skill level 7 in Stealth
  5155 | D:5      | Noticed Elsvaer's ghost (novice DEEE)
  5304 | D:6      | Reached XP level 9. HP: 27/44 MP: 3/16
  5504 | D:6      | Noticed Blork the orc
  5534 | D:6      | Killed Blork the orc
  5651 | D:6      | Learned a level 3 spell: Tukima's Dance
  5655 | D:6      | Learned a level 3 spell: Dazzling Flash
  5798 | D:6      | Reached skill level 5 in Short Blades
  5816 | D:6      | Reached skill level 8 in Stealth
  5977 | D:6      | HP: 1/44 [bullfrog zombie (5)]
  6008 | D:6      | Reached * piety under Dithmenos
  6168 | D:7      | Noticed a boulder beetle
  6183 | D:7      | Annihilated by a boulder beetle

Illustrated notes

Levels and vault maps discovered:
D:1:      ldierk_water_garden, layout_loops_corners, amethyst_killhole
D:2:      layout_loops_corners, serial_co_window_serial,
          co_window_of_opportunity_a, co_window_corner_a, co_window_paths_b,
          co_window_corner_a, co_window_cross_1, co_window_corner_ca,
          co_window_corner_b, co_window_corner_b, co_window_broadway_b,
          co_window_corner_cb, co_window_paths_e, glass_columns_b,
          glass_columns_b, glass_columns_a, glass_columns_a, glass_columns_a,
          kennysheep_flooded_box, uniq_robin
D:3:      layout_rooms, serial_shops, nicolae_shop_trees, shop, shop,
          minmay_misc_feat_chi, kennysheep_generic_room_2, uniq_ijyb,
          uniq_sigmund
D:4:      layout_rooms, nicolae_overflows_in_rows, uniq_pikel, uniq_duvessa
D:5:      layout_basic, minmay_temple_entry_antechambers,
          gammafunk_ghost_abyssal_escape
D:6:      layout_basic, hangedman_abyss_or_decor_lesser_grid, uniq_blork_the_orc
D:7:      layout_gridville, uniq_menkaure
Temple:   minmay_freezing_vapour_temple

Skill      XL: |  1  2  3  4  5  6  7  8  9 |
---------------+----------------------------+-----
Short Blades   | 1 2 3 4 5 |  5.0
Stealth        | 4 5 6 7 8 |  8.1
Ice Magic      | 1 2 3 4 |  4.1
Fighting       | 1 2 3 |  3.4
Dodging        | 2 |  2.0
Hexes          | 4 5 6 |  6.3
Spellcasting   | 3 4 |  4.4
Conjurations   | |  0.5

Action                   |  1- 3 |  4- 6 |  7- 9 || total
-------------------------+-------+-------+-------++-------
Melee: Dagger            |    86 |   228 |   139 ||   453
       Bite              |    20 |    47 |    35 ||   102
       Punch             |     1 |     1 |     1 ||     3
       Unarmed           |       |       |    13 ||    13
 Cast: Ensorcelled Hiber |     3 |    27 |    35 ||    65
       Confusing Touch   |       |     2 |     5 ||     7
  Use: Scroll            |       |     1 |       ||     1
 Stab: Sleeping          |    13 |    23 |    27 ||    63
       Confused          |       |       |     3 ||     3
Armor: Robe              |    15 |    46 |    26 ||    87
       Skin              |       |       |     1 ||     1
Dodge: Dodged            |    46 |   127 |    72 ||   245
